 Dungeon Crawl Stone Soup version 0.31-a0-217-g58bb5d79cf (webtiles) character file.

Game seed: 7020979578711032063

8696 qw the Cleaver (level 11, 0/71 HPs)
             Began as a Gargoyle Fighter on July 2, 2023.
             Was a Priest of Okawaru.
             Slain by a boulder beetle (17 damage)
             ... on level 1 of the Lair of Beasts.
             The game lasted 00:03:53 (7317 turns).

qw the Cleaver (Gargoyle Fighter)                   Turns: 7317, Time: 00:03:54

Health: 0/71       AC: 28    Str: 23    XL:     11   Next: 34%
Magic:  14/14      EV:  7    Int: 10    God:    Okawaru [***...]
Gold:   444        SH:  5    Dex:  9    Spells: 10/10 levels left

rFire   . . .        j - +0 war axe (spect)
rCold   . . .        c - +0 buckler
rNeg    + . .        o - +0 plate armour
rPois   inf          r - +2 helmet
rElec   +            v - +0 cloak
rCorr   .            (no gloves)
SInv    .            w - +1 pair of boots
Will    .....        k - amulet of faith Stlth
                     (no ring)
HPRegen 0.31/turn    (no ring)
MPRegen 0.14/turn

%: faith
@: about to teleport
A: sickness immunity, AC +8, negative energy resistance 1, electricity
resistance, torment resistance 1, petrification resistance
a: Renounce Religion, Heroism


You were on level 1 of the Lair of Beasts.
You worshipped Okawaru.
Okawaru was most pleased with you.
You visited 3 branches of the dungeon, and saw 10 of its levels.
You also visited: Sewer.

You collected 444 gold pieces.


Innate Abilities, Weirdness & Mutations

You are immune to sickness and miasma.
Your stone body is resilient. (AC +8)
You are immune to poison.
You resist negative energy. (rN+)
You are resistant to electric shocks. (rElec)
You are resistant to unholy torment.
You are immune to petrification.


   Skills:
 - Level 9.0 Fighting
 + Level 11.4 Axes
 - Level 3.3 Throwing
 - Level 8.0 Armour
 - Level 1.2 Dodging
 - Level 5.4 Shields
 - Level 4.0 Invocations


You had 10 spell levels left.
You didn't know any spells.
Your spell library was empty.

Inventory:

Hand Weapons
 j - a +0 spectral war axe (weapon)
 t - a +0 morningstar
 x - a +4 war axe
Missiles
 u - 6 boomerangs
Armour
 c - a +0 buckler (worn)
 l - the +3 ring mail of Compassion {Fly rF- Regen+ Int-3}
   (You took it off an orc on level 6 of the Dungeon)

   Int:       It affects your intelligence (-3).
   rF:        It makes you vulnerable to fire.
   Fly:       It grants you flight.
   Regen:     It increases your rate of health regeneration.
 o - a +0 plate armour (worn)
 r - a +2 helmet (worn)
 v - a +0 cloak (worn)
 w - a +1 pair of boots (worn)
Jewellery
 k - an amulet of faith (around neck)
Scrolls
 a - 3 scrolls of teleportation
 i - 3 scrolls of identify
Potions
 b - 3 potions of magic
 d - 2 potions of might
 e - 4 potions of curing
 f - a potion of mutation
 g - a potion of attraction
 h - 2 potions of resistance
 m - 4 potions of haste
 n - 2 potions of lignification
 p - a potion of heal wounds
 q - 3 potions of enlightenment
 z - a potion of cancellation

Dungeon Overview and Level Annotations

Branches:
Dungeon (8/15)             Temple (1/1) D:6            Lair (1/5) D:8
  Sewer (visited)

Altars:
Ashenzari
Cheibriados
Dithmenos
Elyvilon
Fedhas
Gozag
Hepliaklqana
Kikubaaqudgha
Makhleb
Nemelex Xobeh
Okawaru
Ru
Sif Muna
Trog
Uskayaw
Vehumet
Wu Jian
Xom
Yredelemnul
Zin
The Shining One

Annotations:
D:7 3 runed translucent doors, qw's ghost, novice DEHu


Message History

Your +0 spectral war axe closely misses the blink frog.
Your +0 spectral war axe hits the boulder beetle but does no damage.
The blink frog blinks!
You block the boulder beetle's attack.
You slash the boulder beetle!
The boulder beetle is moderately wounded.
Your +0 spectral war axe hits the boulder beetle.
You hit the boulder beetle but do no damage.
The boulder beetle is moderately wounded.
Your +0 spectral war axe hits the boulder beetle but does no damage.
The boulder beetle bites you.
You hit the boulder beetle but do no damage.
The boulder beetle is moderately wounded.
Your +0 spectral war axe hits the boulder beetle but does no damage.
The boulder beetle bites you!
You hit the boulder beetle.
The boulder beetle is moderately wounded.
Your +0 spectral war axe barely misses the boulder beetle.
You block the boulder beetle's attack.
You barely miss the boulder beetle.
The boulder beetle is moderately wounded.
You slice the blink frog!!
Your +0 spectral war axe hits the boulder beetle!!
Your +0 spectral war axe hits the blink frog!!
You kill the blink frog!
Okawaru accepts your kill.
You hit the boulder beetle.
The boulder beetle is severely wounded.
Your +0 spectral war axe hits the boulder beetle!
The boulder beetle bites you but does no damage.
You hit the boulder beetle.
The boulder beetle is almost dead.
Your +0 spectral war axe hits the boulder beetle but does no damage.
You feel like a meek peon again. The boulder beetle bites you!
7317 ||| READING 4 scrolls of teleportation.
As you read the scroll of teleportation, it crumbles to dust.
You feel strangely unstable.
Your +0 spectral war axe disappears.
The boulder beetle bites you!
You die...

# ....>...(.. .
.8...8... . #.........#
. ..#.#......(#.. ## #
.....#........####. .#
#.........###...##....
#..%%.# #..##... ..
##@## ##.....# .#.
##.B.###.#...####.#.
...#.....#.............
#..8.>.8....#....~....
###.....#.......~~~~~~
##.8.#.#.##..~~~~~~~
#####...##.~~~~~~~~
#.#.#..~~~~.~~~
###.....~~~~<~~


You could see a boulder beetle.

Vanquished Creatures
  A komodo dragon (Lair:1)
  A troll (D:8)
  Prince Ribbit (D:5)
  A hornet (D:7)
  Grinder (D:5)
  3 blink frogs (Lair:1)
  4 wyverns (D:8)
  10 yaks
  Eustachio (D:4)
  2 steam dragons (D:7)
  Edmund (D:6)
  8 water moccasins
  Duvessa (D:7)
  4 orc warriors (D:8)
  2 black bears
  A sky beast (D:7)
  An ogre (D:6)
  A phantom (D:4)
  2 kobold brigands (Sewer)
  Blork the orc (D:4)
  3 bullfrogs
  5 scorpions
  7 wights
  Dowan (D:7)
  9 killer bees (D:8)
  3 howler monkeys (D:7)
  A centaur zombie (D:7)
  2 jellies (D:8)
  A quasit (Sewer)
  5 hounds
  4 orc priests
  A gnoll bouda (D:6)
  Natasha (twice) (D:4)
  8 iguanas
  6 orc wizards
  A killer bee zombie (D:7)
  Robin (D:2)
  8 adders
  3 gnolls (D:6)
  5 shadow imps
  A white imp (D:6)
  7 ufetubi
  5 worms
  5 dart slugs
  26 orcs
  4 bats
  6 endoplasms
  4 giant cockroaches
  15 goblins
  10 hobgoblins
  7 quokkas
  A ball python (D:1)
  2 frilled lizards
  A giant cockroach zombie (Sewer)
  23 kobolds
  2 kobold zombies (Sewer)
  6 rats
248 creatures vanquished.

Vanquished Creatures (others)
  A wight (D:7)
  A kobold zombie (Sewer)
  3 spectral weapons (D:8)
5 creatures vanquished.

Grand Total: 253 creatures vanquished

Notes
Turn   | Place    | Note
-------+----------+-------------------------------------------
     0 | D:1      | qw the Gargoyle Fighter began the quest for the Orb.
     0 | D:1      | Reached XP level 1. HP: 14/14 MP: 1/1
     0 | D:1      | 0 ||| qw: Version: 0.3-a-40-ge99b1a8
     0 | D:1      | 0 ||| qw: Game counter: 7984
     0 | D:1      | 0 ||| qw: Melee chars always use a shield: true
     0 | D:1      | 0 ||| qw: God list: Okawaru
     0 | D:1      | 0 ||| qw: Allow faded altars: false
     0 | D:1      | 0 ||| qw: Do Orc after clearing Dungeon:15 true
     0 | D:1      | 0 ||| qw: Do second Lair branch before Depths: true
     0 | D:1      | 0 ||| qw: Lair rune preference: random
     0 | D:1      | 0 ||| qw: Goals: Normal, Zot:1-4, Slime:5, God:TSO, Crypt,
                  | Tomb, Abyss, Pan, Hells, Win
     0 | D:1      | 0 ||| PLANNING D:1-11
    31 | D:1      | 31 ||| Stepping ~*~*~tactically~*~*~ (stealth).
    32 | D:1      | 32 ||| Stepping ~*~*~tactically~*~*~ (stealth).
    43 | D:1      | 43 ||| Stepping ~*~*~tactically~*~*~ (stealth).
    44 | D:1      | 44 ||| Stepping ~*~*~tactically~*~*~ (stealth).
    49 | D:1      | Reached skill level 2 in Axes
    54 | D:1      | 54 ||| Stepping ~*~*~tactically~*~*~ (stealth).
    68 | D:1      | 68 ||| Stepping ~*~*~tactically~*~*~ (stealth).
    86 | D:1      | 86 ||| Stepping ~*~*~tactically~*~*~ (stealth).
    90 | D:1      | 90 ||| Stepping ~*~*~tactically~*~*~ (stealth).
    92 | D:1      | Reached XP level 2. HP: 19/19 MP: 2/2
   128 | D:1      | 128 ||| Stepping ~*~*~tactically~*~*~ (stealth).
   214 | D:1      | 214 ||| Stepping ~*~*~tactically~*~*~ (stealth).
   501 | D:1      | Reached skill level 3 in Axes
   514 | D:1      | 514 ||| READING scroll labelled IRER VEXZEDAEG.
   515 | D:1      | 515 ||| READING scroll labelled CESYOS EDODY.
   516 | D:1      | 516 ||| READING scroll labelled MAPSA XOXIEMM.
   620 | D:2      | Reached XP level 3. HP: 23/23 MP: 3/3
   624 | D:2      | 624 ||| Stepping ~*~*~tactically~*~*~ (stealth).
   641 | D:2      | 641 ||| DROPPING +0 whip.
   736 | D:2      | 736 ||| Stepping ~*~*~tactically~*~*~ (stealth).
   738 | D:2      | 738 ||| Stepping ~*~*~tactically~*~*~ (hiding).
   743 | D:2      | 743 ||| Stepping ~*~*~tactically~*~*~ (hiding).
   913 | D:2      | Noticed Robin
   928 | D:2      | Reached XP level 4. HP: 27/28 MP: 4/4
   937 | D:2      | Killed Robin
   938 | D:2      | Reached skill level 4 in Axes
  1052 | D:2      | 1052 ||| Stepping ~*~*~tactically~*~*~ (stealth).
  1053 | D:2      | 1053 ||| Stepping ~*~*~tactically~*~*~ (stealth).
  1245 | D:2      | 1245 ||| UPGRADING to +0 chain mail.
  1255 | D:2      | 1255 ||| DROPPING +0 scale mail.
  1256 | D:2      | 1256 ||| UPGRADING to +0 helmet.
  1261 | D:2      | 1261 ||| UPGRADING to +2 helmet.
  1271 | D:2      | 1271 ||| DROPPING +0 helmet.
  1272 | D:2      | 1272 ||| UPGRADING to amulet of faith.
  1277 | D:2      | 1277 ||| READING scroll labelled MIYFOUTEESK.
  1278 | D:2      | 1278 ||| READING scroll labelled SUTSUTH VIASA.
  1283 | D:2      | 1283 ||| READING scroll labelled IMPOONANOO.
  1284 | D:2      | 1284 ||| DRINKING 2 murky emerald potions.
  1389 | D:2      | 1389 ||| DRINKING 2 fuming dark potions.
  1390 | D:2      | 1390 ||| DRINKING 2 fuming inky potions.
  1391 | D:2      | 1391 ||| DRINKING 2 pink potions.
  1392 | D:2      | 1392 ||| DRINKING potion of curing.
  1392 | D:2      | 1392 ||| (to cure confusion)
  1393 | D:2      | 1393 ||| DROPPING potion of berserk rage.
  1394 | D:2      | 1394 ||| DROPPING potion of ambrosia.
  1485 | D:3      | Found a broken altar of Ashenzari.
  1512 | D:3      | 1512 ||| DROPPING +3 whip of venom.
  1580 | D:3      | Found a blossoming altar of Fedhas.
  1599 | D:3      | 1599 ||| Stepping ~*~*~tactically~*~*~ (hiding).
  1637 | D:3      | Reached skill level 1 in Throwing
  1980 | D:3      | 1980 ||| Stepping ~*~*~tactically~*~*~ (stealth).
  1981 | D:3      | 1981 ||| Stepping ~*~*~tactically~*~*~ (stealth).
  1989 | D:3      | Reached XP level 5. HP: 32/32 MP: 5/5
  2064 | D:3      | 2064 ||| Stepping ~*~*~tactically~*~*~ (hiding).
  2067 | D:3      | 2067 ||| Stepping ~*~*~tactically~*~*~ (hiding).
  2076 | D:3      | Reached skill level 5 in Axes
  2099 | D:3      | 2099 ||| DROPPING +0 mace.
  2100 | D:3      | 2100 ||| DROPPING +0 flail.
  2322 | D:3      | 2322 ||| UPGRADING to +0 plate armour.
  2332 | D:3      | 2332 ||| DROPPING +0 chain mail.
  2333 | D:3      | 2333 ||| READING scroll labelled UTZUUL GYAKHLUI.
  2334 | D:3      | 2334 ||| READING 2 scrolls of identify.
  2334 | D:3      | 2334 ||| IDENTIFYING puce potion
  2367 | D:4      | Reached XP level 6. HP: 38/38 MP: 6/6
  2370 | D:4      | 2370 ||| STAIRDANCE
  2435 | D:4      | Identified the +0 mace of Leisaod {flame, rElec Int+3}
  2504 | D:4      | Noticed Eustachio
  2505 | D:4      | 2505 ||| Stepping ~*~*~tactically~*~*~ (stealth).
  2506 | D:4      | 2506 ||| Stepping ~*~*~tactically~*~*~ (stealth).
  2517 | D:4      | 2517 ||| Stepping ~*~*~tactically~*~*~ (hiding).
  2518 | D:4      | 2518 ||| Stepping ~*~*~tactically~*~*~ (hiding).
  2519 | D:4      | 2519 ||| Stepping ~*~*~tactically~*~*~ (hiding).
  2554 | D:4      | Killed Eustachio
  2555 | D:4      | Reached skill level 6 in Axes
  2702 | D:4      | Reached XP level 7. HP: 38/43 MP: 7/7
  2751 | D:4      | 2751 ||| Stepping ~*~*~tactically~*~*~ (hiding).
  2756 | D:4      | 2756 ||| Stepping ~*~*~tactically~*~*~ (hiding).
  2878 | D:4      | Noticed Natasha
  2882 | D:4      | Killed Natasha
  2887 | D:4      | Noticed Natasha
  2898 | D:4      | Killed Natasha
  2957 | D:4      | Noticed Blork the orc
  2963 | D:4      | Killed Blork the orc
  3095 | D:4      | Found a radiant altar of Vehumet.
  3096 | D:4      | 3096 ||| Stepping ~*~*~tactically~*~*~ (hiding).
  3097 | D:4      | 3097 ||| Stepping ~*~*~tactically~*~*~ (hiding).
  3248 | D:4      | 3248 ||| READING scroll labelled QORUBO IQESEKE.
  3249 | D:4      | 3249 ||| DRINKING 2 bubbling ruby potions.
  3250 | D:4      | 3250 ||| DRINKING 2 bubbling sapphire potions.
  3251 | D:4      | 3251 ||| DRINKING 3 blue potions.
  3252 | D:4      | 3252 ||| DROPPING potion of brilliance.
  3274 | D:5      | Entered Level 5 of the Dungeon
  3327 | D:5      | Found a burning altar of Makhleb.
  3349 | D:5      | 3349 ||| Stepping ~*~*~tactically~*~*~ (hiding).
  3350 | D:5      | 3350 ||| Stepping ~*~*~tactically~*~*~ (hiding).
  3476 | D:5      | Reached skill level 7 in Axes
  3476 | D:5      | Reached XP level 8. HP: 43/48 MP: 8/8
  3556 | D:5      | Noticed Grinder
  3558 | D:5      | 3558 ||| Stepping ~*~*~tactically~*~*~ (hiding).
  3559 | D:5      | 3559 ||| Stepping ~*~*~tactically~*~*~ (hiding).
  3560 | D:5      | 3560 ||| Stepping ~*~*~tactically~*~*~ (hiding).
  3566 | D:5      | Paralysed by Grinder for 3 turns
  3570 | D:5      | Killed Grinder
  3571 | D:5      | Reached skill level 6 in Fighting
  3597 | D:5      | 3597 ||| Stepping ~*~*~tactically~*~*~ (stealth).
  3599 | D:5      | 3599 ||| Stepping ~*~*~tactically~*~*~ (stealth).
  3601 | D:5      | 3601 ||| Stepping ~*~*~tactically~*~*~ (stealth).
  3607 | D:5      | 3607 ||| Stepping ~*~*~tactically~*~*~ (stealth).
  3608 | D:5      | 3608 ||| Stepping ~*~*~tactically~*~*~ (stealth).
  3711 | D:5      | Reached skill level 1 in Dodging
  3733 | D:5      | 3733 ||| Stepping ~*~*~tactically~*~*~ (stealth).
  3890 | D:5      | Noticed Prince Ribbit
  3901 | D:5      | Killed Prince Ribbit
  3902 | D:5      | Reached skill level 8 in Axes
  4094 | D:5      | 4094 ||| READING scroll labelled YTOUCL KUPI.
  4095 | D:5      | 4095 ||| READING scroll labelled YNALEM DOYFACS.
  4096 | D:5      | 4096 ||| READING scroll labelled JEOCLO HIAT.
  4115 | D:6      | 4115 ||| PLANNING SEWER
  4144 | D:6      | Reached XP level 9. HP: 53/55 MP: 9/9
  4186 | D:6      | 4186 ||| Stepping ~*~*~tactically~*~*~ (hiding).
  4187 | D:6      | 4187 ||| Stepping ~*~*~tactically~*~*~ (hiding).
  4226 | D:6      | Identified the +3 ring mail of Compassion {Fly rF- Regen+
                  | Int-3}
  4302 | D:6      | Noticed Edmund
  4303 | D:6      | 4303 ||| Stepping ~*~*~tactically~*~*~ (stealth).
  4318 | D:6      | 4318 ||| Stepping ~*~*~tactically~*~*~ (hiding).
  4319 | D:6      | 4319 ||| Stepping ~*~*~tactically~*~*~ (hiding).
  4327 | D:6      | 4327 ||| Stepping ~*~*~tactically~*~*~ (stealth).
  4328 | D:6      | 4328 ||| Stepping ~*~*~tactically~*~*~ (stealth).
  4390 | D:6      | Reached skill level 9 in Axes
  4533 | D:6      | Killed Edmund
  4707 | D:6      | Found a staircase to the Ecumenical Temple.
  4723 | D:6      | Found a glowing drain.
  4724 | D:6      | 4724 ||| UPGRADING to +0 cloak.
  4729 | D:6      | 4729 ||| UPGRADING to +1 pair of boots.
  4734 | D:6      | 4734 ||| READING scroll labelled FOYRAX VAUHI.
  4844 | Sewer    | Entered a sewer
  4848 | Sewer    | 4848 ||| Stepping ~*~*~tactically~*~*~ (hiding).
  5076 | Sewer    | Found a burning altar of Makhleb.
  5118 | Sewer    | 5118 ||| Stepping ~*~*~tactically~*~*~ (stealth).
  5163 | Sewer    | Reached skill level 6 in Armour
  5279 | D:6      | 5279 ||| PLANNING TEMPLE
  5300 | Temple   | Entered the Ecumenical Temple
  5333 | Temple   | 5333 ||| PLANNING OKAWARU WORSHIP
  5348 | Temple   | Became a worshipper of Warmaster Okawaru
  5349 | Temple   | 5349 ||| PLANNING D:1-11
  5413 | D:6      | 5413 ||| Stepping ~*~*~tactically~*~*~ (stealth).
  5414 | D:6      | 5414 ||| Stepping ~*~*~tactically~*~*~ (stealth).
  5606 | D:7      | Noticed Duvessa
  5606 | D:7      | Noticed Dowan
  5610 | D:7      | Killed Duvessa
  5621 | D:7      | Killed Dowan
  5622 | D:7      | 5622 ||| FLEEEEING.
  5623 | D:7      | 5623 ||| STAIRDANCE
  5652 | D:7      | 5652 ||| STAIRDANCE
  5655 | D:6      | Reached * piety under Okawaru
  5656 | D:6      | 5656 ||| INVOKING Heroism.
  5660 | D:6      | Reached skill level 10 in Axes
  5741 | D:6      | 5741 ||| READING 2 scrolls of identify.
  5741 | D:6      | 5741 ||| IDENTIFYING fizzy pink potion
  5749 | D:7      | 5749 ||| Stepping ~*~*~tactically~*~*~ (stealth).
  5755 | D:7      | Reached XP level 10. HP: 63/63 MP: 10/10
  5902 | D:7      | 5902 ||| INVOKING Heroism.
  5910 | D:7      | Reached skill level 1 in Invocations
  5912 | D:7      | 5912 ||| Stepping ~*~*~tactically~*~*~ (stealth).
  6184 | D:7      | Found a runed translucent gate.
  6184 | D:7      | Found a runed translucent gate.
  6184 | D:7      | Found a runed translucent gate.
  6184 | D:7      | Noticed qw's ghost (novice DEHu)
  6186 | D:7      | 6186 ||| DRINKING 2 lumpy golden potions.
  6187 | D:7      | Found a basalt altar of Yredelemnul.
  6221 | D:7      | 6221 ||| READING 3 scrolls of identify.
  6221 | D:7      | 6221 ||| IDENTIFYING fizzy golden potion
  6222 | D:7      | 6222 ||| READING 2 scrolls of identify.
  6222 | D:7      | 6222 ||| IDENTIFYING green potion
  6248 | D:8      | Found a shadowy altar of Dithmenos.
  6252 | D:8      | 6252 ||| INVOKING Heroism.
  6256 | D:8      | Reached skill level 3 in Invocations
  6258 | D:8      | 6258 ||| STAIRDANCE
  6438 | D:8      | 6438 ||| INVOKING Heroism.
  6440 | D:8      | Reached skill level 3 in Throwing
  6441 | D:8      | Reached ** piety under Okawaru
  6447 | D:8      | Reached *** piety under Okawaru
  6548 | D:8      | Found a staircase to the Lair.
  6569 | D:8      | 6569 ||| INVOKING Heroism.
  6574 | D:8      | Reached skill level 11 in Axes
  6574 | D:8      | Reached XP level 11. HP: 38/68 MP: 11/14
  6597 | D:8      | 6597 ||| FLEEEEING.
  6603 | D:8      | 6603 ||| STAIRDANCE
  6704 | D:7      | 6704 ||| READING scroll labelled QAHIUSTYRRE.
  6740 | D:8      | 6740 ||| INVOKING Heroism.
  6897 | D:8      | 6897 ||| INVOKING Heroism.
  7132 | D:8      | 7132 ||| INVOKING Heroism.
  7139 | D:8      | Received a gift from Okawaru
  7186 | D:8      | 7186 ||| Stepping ~*~*~tactically~*~*~ (hiding).
  7187 | D:8      | 7187 ||| Stepping ~*~*~tactically~*~*~ (hiding).
  7188 | D:8      | 7188 ||| INVOKING Heroism.
  7189 | D:8      | 7189 ||| Stepping ~*~*~tactically~*~*~ (hiding).
  7240 | D:8      | 7240 ||| PLANNING LAIR
  7240 | D:8      | 7240 ||| READING 4 scrolls of identify.
  7240 | D:8      | 7240 ||| IDENTIFYING cyan potion
  7267 | Lair:1   | Entered Level 1 of the Lair of Beasts
  7288 | Lair:1   | Noticed a boulder beetle
  7289 | Lair:1   | 7289 ||| INVOKING Heroism.
  7299 | Lair:1   | Reached skill level 9 in Fighting
  7316 | Lair:1   | HP: 17/71 [boulder beetle (12)]
  7317 | Lair:1   | 7317 ||| READING 4 scrolls of teleportation.
  7317 | Lair:1   | Slain by a boulder beetle

Levels and vault maps discovered:
D:1:      lordsloth_arrival_two_stooges, layout_rooms
D:2:      layout_basic, amcnicky_mini_pool_small, uniq_robin
D:3:      layout_loops_cross, mainiacjoe_overflow_tiny_flanked, fedhas_altar_2,
          nrook_mini_vaults, minmay_randomly_rotated_circles
D:4:      layout_rooms, vehumet_altar_wand_db, uniq_blork_the_orc, uniq_natasha,
          uniq_eustachio
D:5:      minmay_skewed_foursquare, layout_cave_pools, makhleb_heckhound_becter,
          uniq_prince_ribbit1, uniq_grinder
D:6:      layout_loops_ring, minmay_temple_entry_enclosed_plants,
          portal_sewer_entry_d, uniq_edmund
D:7:      layout_rooms, nicolae_yredelemnul_ghost_church, roderic_roman_lattice,
          uniq_duvessa
D:8:      layout_cave_pools, nicolae_dithmenos_through_a_glass_darkly,
          minmay_lair_entry_grove
Temple:   eino_wide_crystal_templ
Lair:1:   layout_misc_corridors, nicolae_lair_grove_arrangements,
          infiniplex_staircase_pool_2, grunt_megastairs_2, uniq_harold

Skill      XL: |  1  2  3  4  5  6  7  8  9 10 11 |
---------------+----------------------------------+-----
Axes           | 2 3 4 5 6 7 8 10 11 | 11.4
Throwing       | 1 2 3 |  3.3
Fighting       | 4 6 7 8 9 |  9.0
Armour         | 4 6 7 8 |  8.0
Dodging        | 1 |  1.2
Shields        | 4 5 |  5.4
Invocations    | 4 |  4.0

Action                     |  1- 3 |  4- 6 |  7- 9 | 10-12 || total
---------------------------+-------+-------+-------+-------++-------
  Melee: War axe           |    89 |    84 |   172 |   111 ||   456
  Throw: Javelin           |       |    35 |    76 |     9 ||   120
         Boomerang         |       |       |    34 |    13 ||    47
 Invoke: Heroism           |       |       |     1 |     9 ||    10
    Use: Scroll            |     3 |     5 |     6 |     5 ||    19
         Potion            |       |     5 |     3 |     1 ||     9
   Stab: Distracted        |       |       |       |     3 ||     3
 Armour: Scale mail        |    39 |     4 |       |       ||    43
         Chain mail        |       |    11 |       |       ||    11
         Plate armour      |       |    33 |   117 |    68 ||   218
  Dodge: Dodged            |    29 |    22 |    38 |    33 ||   122
  Block: Buckler           |    11 |    14 |    35 |    30 ||    90

Table legend:
 A = Non-vault XP
 B = Vault XP
 C = Vault XP percentage of total XP
 D = Non-vault monster count
 E = Vault monster count
 F = Vault count percentage of total count
                 A         B        C        D         E       F
            +---------+---------+-------+---------+---------+-------
      Total |    7742 |    4682 |  37.7 |     169 |      80 |  32.1
            +---------+---------+-------+---------+---------+-------
        D:1 |      30 |       0 |   0.0 |      18 |       0 |   0.0
        D:2 |      54 |      36 |  40.0 |      15 |      12 |  44.4
        D:3 |     143 |      14 |   8.9 |      20 |       6 |  23.1
        D:4 |     349 |     317 |  47.6 |      17 |       4 |  19.0
        D:5 |     757 |     612 |  44.7 |      14 |       5 |  26.3
        D:6 |     996 |     170 |  14.6 |      28 |       2 |   6.7
        D:7 |    1448 |     678 |  31.9 |      18 |       7 |  28.0
        D:8 |    3198 |    1856 |  36.7 |      36 |      10 |  21.7
     Lair:1 |     767 |     657 |  46.1 |       3 |       3 |  50.0
      Sewer |       0 |     342 | 100.0 |       0 |      31 | 100.0
            +---------+---------+-------+---------+---------+-------
